 Dungeon Sprint DCSS version 0.25.1-2-g60ff931df9 (webtiles) character file.

Game seed: 9055682474323727484

315 Cadaver the Carver (level 6, -3/49 HPs)
             Began as a Human Gladiator on Nov 6, 2020.
             Was a Follower of Okawaru.
             Slain by a polar bear (15 damage)
             ... in the Dungeon (Sprint VII: "The Pits").
             The game lasted 00:04:15 (907 turns).

Cadaver the Carver (Human Gladiator)                 Turns: 907, Time: 00:04:16

Health: -3/49      AC: 11    Str: 15    XL:     6   Next: 72%
Magic:  4/6        EV: 18    Int:  8    God:    Okawaru [*.....]
Gold:   0          SH:  0    Dex: 16    Spells: 5/5 levels left

rFire    . . .     SeeInvis .   t - +2 long sword (holy)
rCold    . . .     Gourm    .   (no shield)
rNeg     . . .     Faith    .   u - +3 ring mail
rPois    .         Spirit   .   c - +0 helmet
rElec    .         Reflect  .   (no cloak)
rCorr    .         Harm     .   (no gloves)
MR       .....     NoTele   +   (no boots)
Stlth    +++.......             (no amulet)
HPRegen  0.16/turn              (no ring)
MPRegen  0.10/turn              (no ring)

@: heroism
A: no striking features
a: Heroism, Renounce Religion


You were in the Dungeon.
You worshipped Okawaru.
Okawaru was aware of your devotion.
You were not hungry.

You visited 1 branch

Inventory:

Hand Weapons
 a - a +0 long sword
 l - a +2 falchion
 t - a +2 long sword of holy wrath (weapon)
 v - a +2 vorpal mace
Missiles
 d - 3 throwing nets
 r - 10 stones (quivered)
Armour
 b - a +0 leather armour
 c - a +0 helmet (worn)
 u - a +3 ring mail (worn)
Magical Staves
 s - an uncursed staff of energy
Scrolls
 k - a scroll of blinking
 n - 3 scrolls of remove curse
 o - 5 scrolls of amnesia
 p - a scroll of summoning
 q - 2 scrolls of vulnerability
Potions
 e - 6 potions of curing
 g - 6 potions of heal wounds
 h - a potion of haste
 i - 4 potions of magic
 j - a potion of berserk rage
 m - 2 potions of invisibility
Comestibles
 f - 9 rations


   Skills:
 + Level 4.4(9.4) Fighting
 * Level 10.3(15.3) Long Blades
 - Level 2.0(7.0) Throwing
 + Level 5.2(10.2) Armour
 + Level 6.0(11.0) Dodging
 + Level 1.0(6.0) Stealth


You had 5 spell levels left.
You didn't know any spells.
Your spell library was empty.

Dungeon Overview and Level Annotations

Branches:
Dungeon (1/1)

Altars:
Ashenzari
Cheibriados
Dithmenos
Elyvilon
Fedhas
Gozag
Hepliaklqana
Kikubaaqudgha
Makhleb
Nemelex Xobeh
Okawaru
Qazlal
Ru
Sif Muna
Trog
Uskayaw
Vehumet
Wu Jian
Xom
Yredelemnul
Zin
The Shining One
Beogh
Jiyva
Lugonu


Message History

The polar bear is heavily wounded.
The polar bear bites you but does no damage.
The polar bear barely misses you.
The polar bear claws you but does no damage.
You slash the polar bear!
The polar bear is severely wounded.
The polar bear goes berserk!
You closely miss the polar bear.
The polar bear is severely wounded.
The polar bear bites you!
* * * LOW HITPOINT WARNING * * *
The polar bear claws you but does no damage. x2
You completely miss the polar bear.
The polar bear is severely wounded.
The polar bear closely misses you. The polar bear misses you.
The polar bear closely misses you.
You hit the polar bear but do no damage.
The polar bear is severely wounded.
The polar bear bites you!
You die...

#.#..[)))..##.......#
#'###########.......#
#.......# #########
#.###...# #.#.....#
#.#...#.#+#
#.....#.#.+
#...###.#'#
#...@h..'.#
###########


You could see a polar bear (berserk).

Vanquished Creatures
  A flying skull (D)
  A quasit (D)
  A hound (D)
  A jelly (D)
  An orc priest (D)
  2 oozes (D)
  A leopard gecko (D)
  2 orcs (D)
  2 giant cockroaches (D)
  2 quokkas (D)
  A ball python (D)
  A bat (D)
  A kobold (D)
  A leopard gecko zombie (D)
  A rat (D)
19 creatures vanquished.

Notes
Turn   | Place    | Note
-------+----------+-------------------------------------------
     0 | D        | Cadaver the Human Gladiator began the quest for the Orb.
     0 | D        | Reached XP level 1. HP: 16/16 MP: 1/1
    13 | D        | Reached skill level 4 in Long Blades
    56 | D        | Found a glowing golden altar of the Shining One.
    56 | D        | Found a glowing silver altar of Zin.
    56 | D        | Found a basalt altar of Yredelemnul.
    56 | D        | Found a shimmering altar of Xom.
    56 | D        | Found an ornate altar of the Wu Jian Council.
    56 | D        | Found a bloodstained altar of Trog.
    56 | D        | Found a shimmering blue altar of Sif Muna.
    56 | D        | Found a sacrificial altar of Ru.
    56 | D        | Found a stormy altar of Qazlal.
    56 | D        | Found an iron altar of Okawaru.
    56 | D        | Found a sparkling altar of Nemelex Xobeh.
    56 | D        | Found a burning altar of Makhleb.
    56 | D        | Found a viscous altar of Jiyva.
    56 | D        | Found a hazy altar of Hepliaklqana.
    56 | D        | Found an opulent altar of Gozag.
    56 | D        | Found a blossoming altar of Fedhas.
    56 | D        | Found a white marble altar of Elyvilon.
    56 | D        | Found a shadowy altar of Dithmenos.
    56 | D        | Found a snail-covered altar of Cheibriados.
    57 | D        | Found a radiant altar of Vehumet.
    57 | D        | Found a corrupted altar of Lugonu.
    57 | D        | Found a roughly hewn altar of Beogh.
    58 | D        | Found a hide-covered altar of Uskayaw.
    58 | D        | Found an ancient bone altar of Kikubaaqudgha.
    58 | D        | Found a shattered altar of Ashenzari.
    62 | D        | Became a worshipper of Warmaster Okawaru
    82 | D        | Reached XP level 2. HP: 20/22 MP: 2/2
   184 | D        | Reached skill level 6 in Long Blades
   184 | D        | Reached XP level 3. HP: 21/28 MP: 3/3
   474 | D        | Reached XP level 4. HP: 34/35 MP: 4/4
   498 | D        | Reached skill level 7 in Long Blades
   498 | D        | Reached skill level 1 in Armour
   500 | D        | Reached skill level 5 in Dodging
   500 | D        | Reached XP level 5. HP: 37/41 MP: 5/5
   557 | D        | Reached skill level 8 in Long Blades
   635 | D        | Noticed a flying skull
   652 | D        | Killed a flying skull
   652 | D        | Reached * piety under Okawaru
   652 | D        | Reached skill level 10 in Long Blades
   652 | D        | Reached skill level 5 in Armour
   652 | D        | Reached skill level 1 in Stealth
   652 | D        | Reached XP level 6. HP: 17/49 MP: 6/6
   892 | D        | Noticed a polar bear
   907 | D        | Slain by a polar bear

Illustrated notes

Levels and vault maps discovered:
D:        pitsprint [storerooms_1, entrance_room_1, metal_vault_3, armoury_2,
          mini_pit_1, grid_room_1, main_hall_1, silver_pit, the_coven_3,
          the_vestibule_1, steel_vault_1, golden_pit, hallway_of_sentries,
          crystal_vault_4, iron_vault_2, final_vault]

Skill      XL: |  1  2  3  4  5 |
---------------+----------------+-----
Long Blades    | 4 6 7 10 | 10.3
Dodging        | 4 5 6 |  6.0
Fighting       | 3 4 |  4.4
Armour         | 2 5 |  5.2
Stealth        | 1 |  1.0
Throwing       | |  2.0

Action                   |  1- 3 |  4- 6 || total
-------------------------+-------+-------++-------
Melee: Falchion          |    24 |       ||    24
       Long sword        |     8 |    36 ||    44
Throw: Stone             |       |     3 ||     3
Invok: Heroism           |       |     1 ||     1
  Use: Potion            |     1 |     1 ||     2
Armor: Leather armour    |     8 |       ||     8
       Ring mail         |     1 |    15 ||    16
Dodge: Dodged            |    19 |    27 ||    46
       Rpst.: Falchion   |     7 |       ||     7
       Long sword        |     2 |     8 ||    10
